 Dungeon Sprint DCSS version 0.30-a0-279-g4b46babb21 (webtiles) character file.

Game seed: 2860477724151998193

1208 rocky1 the Protected (level 8, -10/83 HPs)
             Began as a Minotaur Fighter on Oct 16, 2022.
             Was an Initiate of Gozag.
             Mangled by Snorg (16 damage)
             ... in the Dungeon (Sprint III: "The Ten Rune Challenge").
             The game lasted 00:02:36 (1584 turns).

rocky1 the Protected (Minotaur Fighter)             Turns: 1584, Time: 00:02:36

Health: -10/83     AC: 10    Str: 23    XL:     8   Next: 21%
Magic:  7/7        EV: 10    Int:  5    God:    Gozag
Gold:   384        SH:  6    Dex: 10    Spells: 7/7 levels left

rFire   . . .      SeeInvis .    a - +0 trident
rCold   . . .      Faith    .    c - +0 buckler
rNeg    . . .      Spirit   .    b - +0 scale mail
rPois   .          Reflect  .    (helmet restricted)
rElec   .          Harm     .    l - +0 cloak
rCorr   .          Rampage  .    (no gloves)
Will    .....      NoTele   +    (no boots)
Stlth   ..........               (no amulet)
HPRegen 0.33/turn                (no ring)
MPRegen 0.10/turn                (no ring)

@: no status effects
A: horns 2, retaliatory headbutt
a: Renounce Religion, Potion Petition, Call Merchant, Bribe Branch


You were in the Dungeon.
You worshipped Gozag.
Gozag was aware of your devotion.
You visited 1 branch You collected 384 gold pieces.

Inventory:

Hand Weapons
 a - a +0 trident (weapon)
 i - a +2 long sword of holy wrath
Armour
 b - a +0 scale mail (worn)
 c - a +0 buckler (worn)
 l - a +0 cloak (worn)
Wands
 k - a wand of digging (4)
Scrolls
 j - 2 scrolls of blinking
 n - 2 scrolls of poison {unknown}
 o - 3 scrolls of identify
Potions
 d - a potion of might
 e - 4 potions of curing
 g - a potion of haste
 h - 2 potions of magic
 m - 4 potions of mutation {unknown}
 p - a potion of cancellation {unknown}
 q - a potion of flight {unknown}
Miscellaneous
 r - a phial of floods


   Skills:
 + Level 11.6 Fighting
 + Level 10.2 Polearms
 + Level 12.5 Armour
 + Level 2.8 Dodging
 + Level 10.5 Shields


You had 7 spell levels left.
You didn't know any spells.
Your spell library contained the following spells:

 Spells                   Type           Power      Damage    Failure   Level
 Magic Dart               Conj           0%         1d3       78%         1
 Searing Ray              Conj           0%         2d4       89%         2
 Ozocubu's Armour         Ice            0%         N/A       98%         3
 Fulminant Prism          Conj/Hex       0%         3d6       100%        4
 Metabolic Englaciation   Hex/Ice        0%         N/A       100%        5
 Simulacrum               Ice/Necr       Unusable   N/A       N/A         6

Dungeon Overview and Level Annotations

Branches:
Dungeon (1/1)

Altars:
Cheibriados
Dithmenos
Elyvilon
Fedhas
Gozag
Hepliaklqana
Kikubaaqudgha
Makhleb
Nemelex Xobeh
Okawaru
Qazlal
Ru
Sif Muna
Trog
Uskayaw
Vehumet
Wu Jian
Xom
Yredelemnul
Zin
The Shining One
Jiyva
Lugonu

Annotations:
D Snorg


Innate Abilities, Weirdness & Mutations

You have a pair of horns on your head.
You reflexively headbutt those who attack you in melee.


Message History

You enter the shallow water.
Moving in this stuff is going to be slow.
Snorg smiles kindly.
Snorg bites you but does no damage. You block Snorg's attack. Snorg claws you.
You puncture Snorg!
Snorg is lightly wounded.
Snorg goes berserk!
You barely miss Snorg.
Snorg is lightly wounded.
Snorg bites you. Snorg claws you! Snorg completely misses you.
You closely miss Snorg.
Snorg is lightly wounded.
Snorg bites you! Snorg claws you. Snorg claws you but does no damage.
You hit Snorg.
Snorg is lightly wounded.
Snorg bites you but does no damage. Snorg claws you but does no damage.
You block Snorg's attack.
You closely miss Snorg.
Snorg is lightly wounded.
You block Snorg's attack. Snorg claws you. You block Snorg's attack.
You hit Snorg.
Snorg is moderately wounded.
Snorg misses you. Snorg claws you! You block Snorg's attack.
Snorg bites you but does no damage. You block Snorg's attack.
Snorg closely misses you.
You puncture Snorg!
Snorg is moderately wounded.
Snorg barely misses you. You furiously retaliate!
You headbutt Snorg. Snorg claws you!!
* * * LOW HITPOINT WARNING * * *
Snorg claws you!
* * * LOW HITPOINT WARNING * * *
You feel much better. Snorg bites you!
* * * LOW HITPOINT WARNING * * *
Snorg barely misses you. You block Snorg's attack.
Okay, then.
Snorg attacks as you move away! Snorg bites you but does no damage.
Snorg claws you!
You die...
Your body crumbles into a pile of gold.

♣.############$ $$
♣♣.#___#___#__# $$$ $
..#...#__)#._# $$
♣♣.###'#'###)## $
♣..#..........#$ $
...'.⌠........# $ $ $
.♣.#...######'# $ $
...#)⌠.#__#...#+#####
...#...#__#...#.@§§§+
...#'###__#...#.#T§§#
...#)..#__#...'.#§§.#
...#___#__'...#.#§§.#
▓▓▓▓▓▓▓▓▓▓▓▓▓▓▓▓▓▓▓▓▓


You could see Snorg (berserk).

Vanquished Creatures
  A deep elf pyromancer (D)
  A shadow (D)
  A spatial vortex (D)
  A necrophage (D)
  A water elemental (D)
  A jelly (D)
  Crazy Yiuf (D)
  A necromancer (D)
  3 humans (D)
  A kobold demonologist (D)
  4 rats (D)
16 creatures vanquished.

Vanquished Creatures (others)
  A wizard (D)
1 creature vanquished.

Grand Total: 17 creatures vanquished

Notes
Turn   | Place    | Note
-------+----------+-------------------------------------------
     0 | D        | rocky1 the Minotaur Fighter began the quest for the Orb.
     0 | D        | Reached XP level 1. HP: 19/19 MP: 0/0
    16 | D        | Reached skill level 4 in Armour
    45 | D        | Reached skill level 5 in Fighting
    45 | D        | Reached skill level 5 in Armour
    45 | D        | Reached skill level 5 in Shields
    45 | D        | Reached XP level 2. HP: 18/29 MP: 1/1
   193 | D        | Noticed Crazy Yiuf
   203 | D        | Killed Crazy Yiuf
   204 | D        | Reached XP level 3. HP: 6/37 MP: 2/2
   381 | D        | Noticed a water elemental
   385 | D        | Killed a water elemental
   386 | D        | Reached skill level 6 in Armour
   386 | D        | Reached XP level 4. HP: 4/47 MP: 3/3
   660 | D        | Noticed a shadow
   679 | D        | Killed a shadow
   680 | D        | Reached skill level 5 in Polearms
   680 | D        | Reached skill level 9 in Armour
   680 | D        | Reached XP level 5. HP: 17/56 MP: 4/4
   681 | D        | Reached XP level 6. HP: 18/63 MP: 5/5
   837 | D        | Found a blossoming altar of Fedhas.
   837 | D        | Found a stormy altar of Qazlal.
   837 | D        | Found a snail-covered altar of Cheibriados.
   837 | D        | Found a burning altar of Makhleb.
   837 | D        | Found a shimmering altar of Xom.
   838 | D        | Found a hazy altar of Hepliaklqana.
   838 | D        | Found an opulent altar of Gozag.
   838 | D        | Found a sparkling altar of Nemelex Xobeh.
   838 | D        | Found a corrupted altar of Lugonu.
   838 | D        | Found a viscous altar of Jiyva.
   838 | D        | Noticed a spatial vortex
   849 | D        | Killed a spatial vortex
   850 | D        | Reached skill level 10 in Fighting
   850 | D        | Reached skill level 10 in Armour
   850 | D        | Reached skill level 1 in Dodging
   851 | D        | Became a worshipper of Gozag Ym Sagoz the Greedy
   872 | D        | Found a basalt altar of Yredelemnul.
   872 | D        | Found a shadowy altar of Dithmenos.
   872 | D        | Found a sacrificial altar of Ru.
   918 | D        | Found a glowing silver altar of Zin.
   918 | D        | Found a glowing golden altar of the Shining One.
   918 | D        | Found a white marble altar of Elyvilon.
   919 | D        | Noticed a deep elf pyromancer
   930 | D        | Noticed a fire elemental
   930 | D        | Noticed a fire elemental
   935 | D        | Killed a deep elf pyromancer
   936 | D        | Reached skill level 11 in Armour
   936 | D        | Reached skill level 10 in Shields
   936 | D        | Reached XP level 7. HP: 24/74 MP: 6/6
  1231 | D        | Found a radiant altar of Vehumet.
  1231 | D        | Found a shimmering blue altar of Sif Muna.
  1231 | D        | Found an ancient bone altar of Kikubaaqudgha.
  1236 | D        | Reached skill level 12 in Armour
  1345 | D        | Found a hide-covered altar of Uskayaw.
  1345 | D        | Found an iron altar of Okawaru.
  1345 | D        | Found a bloodstained altar of Trog.
  1345 | D        | Found an ornate altar of the Wu Jian Council.
  1345 | D        | Noticed a human
  1345 | D        | Noticed a human
  1365 | D        | Killed a human
  1366 | D        | Reached XP level 8. HP: 29/82 MP: 7/7
  1371 | D        | Reached skill level 10 in Polearms
  1573 | D        | Noticed Snorg
  1582 | D        | HP: 3/83 [Snorg (14)]
  1584 | D        | Mangled by Snorg

Illustrated notes

Levels and vault maps discovered:
D:        dungeon_sprint_mu [sprint_mu_entry_forest, sprint_mu_temple_rooms,
          sprint_mu_d1_horrors, sprint_mu_d2_genie, sprint_mu_d3_branching,
          sprint_mu_orc_legion, sprint_mu_elf_gauntlet, sprint_mu_hive_nellie,
          sprint_mu_lair_fedhas, sprint_mu_vaults_butterflies,
          sprint_mu_slime_circle, sprint_mu_swamp_cave, sprint_mu_snake_twists,
          sprint_mu_blade_basic, sprint_mu_crypt_fortress,
          sprint_mu_tomb_spiral, sprint_mu_vestibule_basic,
          sprint_mu_gehenna_hellfire, sprint_mu_dis_giant,
          sprint_mu_tartarus_statrot, sprint_mu_cocytus_islands, sprint_mu_zot1]

Skill      XL: |  1  2  3  4  5  6  7  8 |
---------------+-------------------------+-----
Fighting       | 5 7 8 9 11 | 11.6
Armour         | 5 6 9 11 12 | 12.5
Shields        | 5 6 8 10 | 10.5
Polearms       | 3 4 5 6 9 10 | 10.2
Dodging        | 2 |  2.8

Action                   |  1- 3 |  4- 6 |  7- 9 || total
-------------------------+-------+-------+-------++-------
Melee: Trident           |    24 |    47 |    38 ||   109
       Headbutt          |     4 |     7 |     5 ||    16
  Use: Potion            |       |     1 |     1 ||     2
Armor: Scale mail        |     1 |     8 |    13 ||    22
Dodge: Dodged            |     6 |     7 |    11 ||    24
Block: Buckler           |     1 |     6 |    13 ||    20

Table legend: (Time is in decaauts)
 A = Elapsed time spent in this place.
 B = Non-inter-level travel time spent in this place.
 C = Inter-level travel time spent in this place.
 D = Time resting spent in this place.
 E = Time spent auto-exploring this place.
 F = Levels seen in this place.
 G = Mean time per level.
                   A        B        C        D        E       F      G
               +--------+--------+--------+--------+--------+-----+--------+
         Total |   1580 |   1580 |      0 |   1233 |      0 |   1 | 1580.0 |
       Dungeon |   1580 |   1580 |      0 |   1233 |      0 |   1 | 1580.0 |
               +--------+--------+--------+--------+--------+-----+--------+

Top non-repeatable levels by time:
       D: 1580 daAuts
